 Dungeon Crawl Stone Soup version 0.18.1-48-g4cf74bf (webtiles) character file.

108 dvd the Sneak (level 4, -5/29 HPs)
             Began as an Octopode Assassin on June 26, 2016.
             Was an Initiate of Dithmenos.
             Slain by a gnoll
             ... wielding a +0 halberd
              (17 damage)
             ... on level 3 of the Dungeon.
             The game lasted 00:05:38 (3091 turns).

dvd the Sneak (Octopode Assassin)                   Turns: 3091, Time: 00:05:38

Health: -5/29      AC:  1    Str: 11    XL:     4   Next: 87%
Magic:  13/13      EV: 12    Int: 13    God:    Dithmenos [......]
Gold:   131        SH:  0    Dex: 13    Spells: 0 memorised, 3 levels left

rFire  + . .     SeeInvis .     b - +0 blowgun
rCold  x . .     Gourm    .     (no shield)
rNeg   . . .     Faith    .     (helmet restricted)
rPois  .         Spirit   .     (no amulet)
rElec  .         Dismiss  .     x - ring of magical power
rCorr  .         Reflect  .     y - ring of fire
SustAt .         Harm     .     (no ring)
MR     .....                    (no ring)
Stlth  +++++.....               (no ring)
                                (no ring)
                                (no ring)
                                (no ring)

@: not resistant to hostile enchantments, quite stealthy
A: almost no armour, amphibious, 8 rings, constrict 8, camouflage 1, gelatinous
body 1
a: Renounce Religion


You were on level 3 of the Dungeon.
You worshipped Dithmenos.
Dithmenos was noncommittal.
You were hungry.

You visited 1 branch of the dungeon, and saw 3 of its levels.

You collected 131 gold pieces.

Inventory:

Hand Weapons
 a - a +2 dagger
 b - a +0 blowgun (weapon)
Missiles
 c - 4 poisoned needles (quivered)
 q - 10 tomahawks
Armour
 s - a +0 large shield
Jewellery
 x - a ring of magical power (left tentacle)
 y - a ring of fire (right tentacle)
Scrolls
 e - a scroll of magic mapping {unknown}
 i - 3 scrolls of remove curse {unknown}
 k - a scroll of enchant weapon {unknown}
 l - a scroll of fear {unknown}
 n - a scroll of recharging {unknown}
 r - 2 scrolls of enchant armour {unknown}
 v - 3 scrolls of identify {unknown}
 w - a scroll of immolation {unknown}
Potions
 h - a potion of flight {unknown}
 m - 2 potions of curing
 o - 2 potions of heal wounds {unknown}
 p - a potion of might {unknown}
 u - a potion of brilliance {unknown}
 z - a potion of ambrosia {unknown}
Comestibles
 f - 2 bread rations
 g - 3 meat rations
 j - 4 fruits
 t - a beef jerky
 A - a chunk of flesh


   Skills:
 + Level 2.0 Fighting
 + Level 2.6 Short Blades
 + Level 2.1 Throwing
 + Level 1.7 Dodging
 + Level 7.5 Stealth


You had 3 spell levels left.
You didn't know any spells.

Dungeon Overview and Level Annotations

Branches:
Dungeon (3/15)

Altars:
Dithmenos
Fedhas
Nemelex Xobeh
Qazlal
Vehumet

Annotations:
D:3 Wardy's ghost, weakling DsEn


Innate Abilities, Weirdness & Mutations

You cannot wear most types of armour.
You are amphibious.
You can wear up to eight rings at the same time.
You can use your tentacles to constrict eight enemies at once.
Your skin changes colour to match your surroundings (Stealth).
Your rubbery body absorbs attacks (AC +1).


Message History

You shoot a poisoned needle. The poisoned needle hits the gnoll.
The gnoll is poisoned.
The gnoll misses you. The giant gecko bites you.
Firing (i - inventory. (,) - cycle):
c - 5 poisoned needles (quivered)
Press: ? - help, Shift-Dir - straight line, f/p - gnoll
Aim: a gnoll, wielding a halberd (moderately wounded, poisoned)
You shoot a poisoned needle.
The poisoned needle barely misses the gnoll.
The giant gecko barely misses you.
The gnoll hits you from afar with a halberd.
* * * LOW HITPOINT WARNING * * *
Unknown command.
Drink which item? (? for menu, Esc to quit)
It was a potion of curing.
You feel better. The giant gecko bites you. Wardy's ghost closely misses you.
Unknown command.
The gnoll looks more healthy.
The giant gecko closely misses you.
The gnoll hits you from afar with a halberd!
Ouch! That really hurt!
You die...

#.........#.##......
#.......(.###.......
#......(..#...<.....
#.......###.###.....
#.......# #.........
#.......# #######...
#....g..# #...
#..Wl...# ####
#..@....# ####
######### #... #...
#... ###... #.....
#####.#...
#.........
##..#...#..


You could see Wardy's ghost, a gnoll and a giant gecko.

Vanquished Creatures
  2 gnolls (D:3)
  3 adders (D:2)
  An ooze (D:2)
  2 worms
  A dart slug (D:2)
  2 giant geckos (D:1)
  3 orcs (D:3)
  5 bats (D:1)
  A giant cockroach (D:3)
  3 goblins
  9 hobgoblins
  4 kobolds
  2 ball pythons (D:2)
  6 rats
44 creatures vanquished.

Notes
Turn   | Place    | Note
--------------------------------------------------------------
     0 | D:1      | dvd the Octopode Assassin began the quest for the Orb.
     0 | D:1      | Reached XP level 1. HP: 14/14 MP: 1/1
   242 | D:1      | Reached XP level 2. HP: 19/19 MP: 2/2
   395 | D:1      | Reached skill level 6 in Stealth
  1102 | D:1      | Reached XP level 3. HP: 24/24 MP: 3/3
  1335 | D:2      | Found a shadowy altar of Dithmenos.
  1340 | D:2      | Became a worshipper of Dithmenos the Shadowed
  1431 | D:2      | Found a blossoming altar of Fedhas.
  1434 | D:2      | Found a stormy altar of Qazlal.
  2173 | D:2      | Reached XP level 4. HP: 29/29 MP: 4/4
  2403 | D:2      | Reached skill level 7 in Stealth
  2777 | D:3      | Noticed Wardy's ghost (weakling DsEn)
  2868 | D:3      | Found a radiant altar of Vehumet.
  2942 | D:3      | Found a sparkling altar of Nemelex Xobeh.
  3091 | D:3      | Slain by a gnoll

Skill      XL: |  1  2  3  4 |
---------------+-------------+-----
Stealth        | 6 7 |  7.5
Fighting       | |  2.0
Short Blades   | |  2.6
Throwing       | |  2.1
Dodging        | |  1.7

Action                   |  1- 3 |  4- 6 || total
-------------------------+-------+-------++-------
Melee: Dagger            |    56 |    28 ||    84
       Constrict         |    11 |     5 ||    16
       Tentacles         |     5 |     3 ||     8
 Fire: Blowgun           |     3 |     6 ||     9
  Use: Potion            |       |     1 ||     1
 Stab: Sleeping          |    12 |     8 ||    20
       Distracted        |     1 |       ||     1
  Eat: Chunk             |     1 |     3 ||     4
       Royal jelly       |     1 |       ||     1
Armor: Skin              |     3 |       ||     3
Dodge: Dodged            |    21 |     9 ||    30
